AoeStats
← COD and chips

Scandinavia

510421995Analyzed
1v1 RM · 3d ago on Sep 30, 2026· 101m 35s· 2 players
Game mode
Random Map
Map size
Tiny (2 player)
Population
200
Speed
Normal
Resources
Standard
Victory
Conquest
Starting age
Dark Age
Ending age
Imperial Age
RankedLock teamsTeams togetherTeam positionsShared explorationLock speedFull tech treeHidden civsTurbo modeCheats
Victory
Defeat
🇮🇪 Turks · Ireland
380
+13
🇨🇿 Varangians · Czechia
312
-13
Dr460n1um-CZ
15:02 Feudal Age
15:42 Horse Collar
15:48 Double-Bit Axe
22:29 Fishing Lines
22:52 Loom
23:43 Wheelbarrow
28:37 Castle Age
32:31 Heavy Plow
36:59 Imperial Age
45:12 Hand Cart
51:33 Elite Jarl
51:34 Vendel Legacy
52:46 Treadmill Crane
53:03 Murder Holes
53:29 Ballistics
56:10 Bow Saw
56:34 Crop Rotation
68:45 Chemistry
67:55 Scale Barding Armor
67:42 Fletching
68:03 Forging
69:14 Bodkin Arrow
69:19 Gillnets
71:22 Chain Barding Armor
71:37 Iron Casting
71:04 Scale Mail Armor
71:06 Padded Archer Armor
74:53 Plate Barding Armor
75:19 Blast Furnace
74:19 Bracer
74:35 Chain Mail Armor
75:08 Clinker Construction
75:10 Masonry
80:56 Two-Man Saw
85:04 Capped Ram
87:42 Siege Ram
COD and chips
13:52 Feudal Age
14:17 Horse Collar
14:25 Double-Bit Axe
14:36 Gold Mining
15:44 Wheelbarrow
16:36 Man-at-Arms
19:00 Bloodlines
23:51 Castle Age
24:24 Stone Mining
24:52 Hand Cart
24:58 Bow Saw
24:54 Heavy Plow
25:12 Long Swordsman
25:38 Arson
26:00 Husbandry
27:06 Squires
30:36 Thumb Ring
32:40 Sipahi
32:21 Fletching
36:57 Imperial Age
34:18 Town Watch
38:49 Hoardings
38:03 Loom
41:21 Two-Man Saw
42:19 Cavalier
44:03 Conscription
44:15 Bodkin Arrow
45:16 Forging
46:15 Padded Archer Armor
48:10 Two-Handed Swordsman
49:24 Town Patrol
55:33 Artillery
59:24 Parthian Tactics
61:20 Bracer
64:56 Heavy Camel Rider
69:12 Heavy Scorpion
73:10 Heavy Cavalry Archer
77:13 Ballistics
76:44 Treadmill Crane
77:42 Bombard Tower
87:37 Iron Casting
95:09 Murder Holes
Connection lost

Rejoining the realm…

Still unreachable

The connection could not be restored.

Session expired

The server has moved on; the page needs a fresh start.